 Dungeon Crawl Stone Soup version 0.29-a0-271-gd4eb659eea (webtiles) character file.

Game seed: 16675053569820326465

53 spaghetti the Bolt Thrower (level 3, 0/39 HPs)
             Began as an Octopode Hunter on Mar 8, 2022.
             Slain by Natasha (3 damage)
             ... on level 2 of the Dungeon.
             The game lasted 00:01:24 (616 turns).

spaghetti the Bolt Thrower (Octopode Hunter)         Turns: 616, Time: 00:01:25

Health: 0/39       AC: 25    Str: 15    XL:     3   Next: 89%
Magic:  6/6        EV:  2    Int: 15    God:
Gold:   47         SH:  0    Dex: 12    Spells: 6/6 levels left

rFire   . . .      SeeInvis .   a - +1 hand crossbow {crossbow}
rCold   . . .      Faith    .   (no shield)
rNeg    . . .      Spirit   .   (helmet currently unavailable)
rPois   +          Reflect  .   (no amulet)
rElec   .          Harm     .   e - +4 ring of protection
rCorr   .          Rampage  .   j - +6 ring of strength
Will    .....      NoTele   +   (no ring)
Stlth   ++........              (no ring)
HPRegen 0.13/turn               (no ring)
MPRegen 0.10/turn               (no ring)
                                (no ring)
                                (no ring)

@: tree-form
A: stationary, stasis, torment immunity, boosted hp, almost no armour,
(amphibious), 8 rings, (camouflage 1), (gelatinous body 1), (nimble swimmer 1),
(tentacles), mutation resistance 1, weak 1
a: no special abilities


You were on level 2 of the Dungeon.
You were a tree.
You visited 1 branch of the dungeon, and saw 2 of its levels.

You collected 47 gold pieces.


Innate Abilities, Weirdness & Mutations

You are a tree.
Your roots penetrate the ground, keeping you stationary.
You cannot be teleported.
You are immune to unholy pain and torment.
Your maximum health is greatly increased.
You cannot wear most types of armour.
((You are amphibious.))
You can wear up to eight rings at the same time.
((Your skin changes colour to match your surroundings (Stealth+).))
((Your rubbery body absorbs attacks. (AC +1, EV +1)))
((You are camouflaged when in or above water. (Stealth+)))
((You have tentacles for arms and can constrict up to eight enemies at once.))
You are somewhat resistant to further mutation.
You are weak. (Str -2)


   Skills:
 - Level 3.0 Fighting
 - Level 4.0 Crossbows
 - Level 2.0 Dodging
 - Level 1.3 Stealth
 + Level 2.2 Spellcasting


You had 6 spell levels left.
You didn't know any spells.
Your spell library contained the following spells:

 Spells                   Type           Power      Damage    Failure   Level
 Dazzling Flash           Conj/Hex       2%         N/A       54%         3
 Agony                    Necr           1%         N/A       99%         5
 Silence                  Hex/Air        0%         N/A       99%         5

Inventory:

Hand Weapons
 a - a +1 hand crossbow (weapon) {crossbow}
Missiles
 d - 32 stones {throwing}
Jewellery
 e - a +4 ring of protection (left branch)
   (You found it on level 1 of the Dungeon)
 j - a +6 ring of strength (right branch)
   (You found it on level 1 of the Dungeon)
Scrolls
 b - a scroll of immolation {!r!r}
 g - a scroll of vulnerability {unknown}
 h - 2 scrolls of identify {unknown}

Dungeon Overview and Level Annotations

Branches:
Dungeon (2/15)

Altars:

Annotations:
D:2 Natasha

#?......
#..)...## #
........ ####.
#.....#
#....##.....##
....#......##
#.....h....
########......#
#.>...♣#.####.#
#.....h..#
#).....#.#
#......#.#
#......#.#
#......#.#
#......#.#
########.# #.#
#.# #.#


You could see Natasha (resistant).


Message History

Press: ? - help, Q - select action, (/) - cycle Shift-Dir - straight line, f/p - Natasha
Aim: Natasha, carrying a wand of flame (14) (almost dead, 56% to hit)
You shoot a bolt. The bolt hits Natasha.
You kill Natasha!
Natasha screams in fury as she dies!
The crimson imp disappears in a puff of smoke!
The iron imp disappears in a puff of smoke!
Your Spellcasting skill increases to level 2!
Unknown command.
You start resting.
You feel yourself speed up.
Natasha, Servant of Life and Death comes into view.
She is carrying a wand of flame (14). 😨 HP[+1] MP[+1] 😨 HP[+1] MP[+1]
Your mp is fully restored (6).
You start resting.
Natasha is nearby!
Shoot: a) +1 hand crossbow {crossbow}
Press: ? - help, Q - select action, (/) - cycle Shift-Dir - straight line, f - you That would be overly suicidal.
Okay, then.
Unknown command.
You start resting.
Natasha is nearby! 😮 HP[+2]
You regained 2 hp, and now have 15/26 hp.
Natasha is nearby!
Shoot: a) +1 hand crossbow {crossbow}
Press: ? - help, Q - select action, (/) - cycle Shift-Dir - straight line, f - Natasha
Aim: Natasha, carrying a wand of flame (14) (wandering, hasn't noticed you, 56% to hit)
You shoot a bolt. The bolt barely misses Natasha.
Natasha hisses angrily.
Shoot: a) +1 hand crossbow {crossbow}
Press: ? - help, Q - select action, (/) - cycle Shift-Dir - straight line, f/p - Natasha
Aim: Natasha, carrying a wand of flame (14) (56% to hit)
You shoot a bolt. The bolt barely misses Natasha.
Natasha barely misses you. x2
Shoot: a) +1 hand crossbow {crossbow}
Press: ? - help, Q - select action, (/) - cycle Shift-Dir - straight line, f/p - Natasha
Aim: Natasha, carrying a wand of flame (14) (56% to hit)
You shoot a bolt. The bolt hits Natasha.
Natasha misses you.
Shoot: a) +1 hand crossbow {crossbow}
Press: ? - help, Q - select action, (/) - cycle Shift-Dir - straight line, f/p - Natasha
Aim: Natasha, carrying a wand of flame (14) (lightly wounded, 56% to hit)
You shoot a bolt. The bolt closely misses Natasha.
Natasha claws you.
* * * LOW HITPOINT WARNING * * *
😨 HP[-4]
You take 4 damage, and now have 11/26 hp.
Shoot: a) +1 hand crossbow {crossbow}
Press: ? - help, Q - select action, (/) - cycle Shift-Dir - straight line, f/p - Natasha
Aim: Natasha, carrying a wand of flame (14) (lightly wounded, 56% to hit)
You shoot a bolt. The bolt closely misses Natasha.
Natasha claws you.
* * * LOW HITPOINT WARNING * * *
😨 HP[-4]
You take 4 damage, and now have 7/26 hp.
Shoot: a) +1 hand crossbow {crossbow}
Press: ? - help, Q - select action, (/) - cycle Shift-Dir - straight line, f/p - Natasha
Aim: Natasha, carrying a wand of flame (14) (lightly wounded, 56% to hit)
You shoot a bolt. The bolt barely misses Natasha.
Natasha stares at you and mumbles some strange words.
You resist with significant effort.
Natasha barely misses you. 😨 HP[+1] It was a potion of mutation.
You feel extremely strange.
You feel weaker.
You feel genetically stable.
Natasha drinks a potion.
Natasha suddenly seems more resistant.
You feel better.
Natasha zaps a wand.
The puff of flame hits you!
* * * LOW HITPOINT WARNING * * *
😱 HP[-3]
You take 3 damage, and now have 5/26 hp.
Shoot: a) +1 hand crossbow {crossbow}
Press: ? - help, Q - select action, (/) - cycle Shift-Dir - straight line, f/p - Natasha
Aim: Natasha, carrying a wand of flame (13) (lightly wounded, unusually resistant, 56% to hit)
You shoot a bolt.
The bolt hits Natasha but does no damage.
Natasha barely misses you.
Shoot: a) +1 hand crossbow {crossbow}
Press: ? - help, Q - select action, (/) - cycle Shift-Dir - straight line, f/p - Natasha
Aim: Natasha, carrying a wand of flame (13) (lightly wounded, unusually resistant, 56% to hit)
You shoot a bolt. The bolt hits Natasha.
Natasha zaps a wand.
The puff of flame hits you.
* * * LOW HITPOINT WARNING * * *
😱 HP[-3]
You take 3 damage, and now have 2/26 hp.
It was a potion of lignification.
You turn into a tree.
Your roots penetrate the ground.
Natasha claws you but does no damage. 😱 HP[+1]
You now have 39 max hp (+13).
Shoot: a) +1 hand crossbow {crossbow}
Press: ? - help, Q - select action, (/) - cycle Shift-Dir - straight line, f/p - Natasha
Aim: Natasha, carrying a wand of flame (12) (moderately wounded, unusually resistant, 56% to hit)
You shoot a bolt. The bolt barely misses Natasha.
Natasha claws you.
You die...

Skill      XL: |  1  2  3 |
---------------+----------+-----
Fighting       | 3 |  3.0
Spellcasting   | 1 2 |  2.2
Crossbows      | |  4.0
Dodging        | |  2.0
Stealth        | |  1.3

Action                   || total
-------------------------++-------
 Fire: Hand crossbow     ||    56
  Use: Scroll            ||     1
       Potion            ||     3
Armor: Skin              ||     2
Dodge: Dodged            ||     9

Levels and vault maps discovered:
D:1:      mrwooster_arrival_arrow, layout_rooms,
          shapermc_ecumenical_altar_mp_ritualfount
D:2:      layout_rooms, minmay_pentomino_x2, uniq_crazy_yiuf_cottage,
          uniq_natasha

Notes
Turn   | Place    | Note
-------+----------+-------------------------------------------
     0 | D:1      | spaghetti the Octopode Hunter began the quest for the Orb.
     0 | D:1      | Reached XP level 1. HP: 14/14 MP: 1/1
     0 | D:1      | magus.rc [v1.9.6]
    88 | D:1      | Found a faded altar of an unknown god.
    92 | D:1      | You pick up a book of the Senses and begin reading...
    92 | D:1      | You add the spells Dazzling Flash, Agony and Silence to
                  | your library.
   131 | D:1      | Reached XP level 2. HP: 20/20 MP: 2/2
   151 | D:1      | Reached skill level 3 in Fighting
   402 | D:2      | Reached skill level 1 in Spellcasting
   429 | D:2      | Reached XP level 3. HP: 26/26 MP: 4/4
   547 | D:2      | Noticed Natasha
   556 | D:2      | Killed Natasha
   557 | D:2      | Reached skill level 2 in Spellcasting
   572 | D:2      | Noticed Natasha
   611 | D:2      | Gained mutation: You are weak. (Str -2) [potion of
                  | mutation]
   611 | D:2      | Gained mutation: You are somewhat resistant to further
                  | mutation. [potion of mutation]
   612 | D:2      | HP: 5/26 [Natasha/puff of flame (12)]
   614 | D:2      | HP: 2/26 [Natasha/puff of flame (3)]
   616 | D:2      | Slain by Natasha

Vanquished Creatures
  Natasha (D:2)
  3 dart slugs
  A ball python (D:2)
  A bat (D:1)
  An endoplasm (D:1)
  A giant cockroach (D:1)
  4 goblins
  3 hobgoblins (D:1)
  A quokka (D:2)
  3 frilled lizards (D:1)
  3 rats
22 creatures vanquished.

Table legend:
 A = Non-vault XP
 B = Vault XP
 C = Vault XP percentage of total XP
 D = Non-vault monster count
 E = Vault monster count
 F = Vault count percentage of total count
                 A         B        C        D         E       F
            +---------+---------+-------+---------+---------+-------
      Total |      42 |      35 |  45.5 |      21 |       1 |   4.5
            +---------+---------+-------+---------+---------+-------
        D:1 |      31 |       0 |   0.0 |      16 |       0 |   0.0
        D:2 |      11 |      35 |  76.1 |       5 |       1 |  16.7
            +---------+---------+-------+---------+---------+-------

Illustrated notes

Table legend:
 A = Kills in this place as a percentage of kills in entire the game.
 B = Kills by you in this place as a percentage of kills by you in the entire game.
 C = Kills by friends in this place as a percentage of kills by friends in the entire game.
 D = Other kills in this place as a percentage of other kills in the entire game.
 E = Experience gained in this place as a percentage of experience gained in the entire game.
 F = Experience gained in this place divided by the number of levels of this place that you have seen.
                   A       B       C       D       E      F
               +-------+-------+-------+-------+-------+----------------------
         Total | 100.0 | 100.0 |   N/A |   N/A | 100.0 |  38.5
       Dungeon | 100.0 | 100.0 |   N/A |   N/A | 100.0 |  38.5
               +-------+-------+-------+-------+-------+----------------------

Table legend: (Time is in decaauts)
 A = Elapsed time spent in this place.
 B = Non-inter-level travel time spent in this place.
 C = Inter-level travel time spent in this place.
 D = Time resting spent in this place.
 E = Time spent auto-exploring this place.
 F = Levels seen in this place.
 G = Mean time per level.
                   A        B        C        D        E       F      G
               +--------+--------+--------+--------+--------+-----+--------+
         Total |    636 |    620 |     16 |     47 |    455 |   2 |  318.0 |
       Dungeon |    636 |    620 |     16 |     47 |    455 |   2 |  318.0 |
               +--------+--------+--------+--------+--------+-----+--------+

Top non-repeatable levels by time:
     D:1: 404 daAuts
     D:2: 232 daAuts
